Devils vs Canadiens
(R1)
Created - May 9, 2018 at 19:40
Goals
|
| Devils |
1 |
4 |
1 |
0 |
6 |
| Canadiens |
2 |
2 |
2 |
1 |
7 |
|
Shots
|
| Devils |
5 |
23 |
3 |
0 |
31 |
| Canadiens |
13 |
11 |
9 |
3 |
36 |
|
1st period
1. Canadiens , Joe Pavelski 1 (Sidney Crosby 2) at 7:48
2. Canadiens , Joe Pavelski 2 (Greg Stewart 1, Sidney Crosby 3) at 11:44
3. Devils , Patrick Kane 5 (Chris Kreider 2, Mikko Koivu 3) at 12:45
Penalties :
Tyler Cuma (NJD) for Hooking (Minor) at 0:22, Tyler Cuma (NJD) for Holding (Minor) at 4:10, Jordan Eberle (NJD) for High sticking (Minor) at 13:39
2nd period
4. Canadiens , Greg Stewart 1 (Joe Pavelski 1) at 1:15
5. Devils , Tyler Cuma 1 (Chris Kreider 3, Jonathan Toews 3) at 8:27 (PP)
6. Devils , Chris Kreider 3 (Taylor Hall 2, Patrick Kane 3) at 11:49 (PP)
7. Devils , Patrick Kane 6 (Chris Kreider 4, Ryan Whitney 1) at 13:42
8. Devils , Matt Duchene 1 (Ryan Whitney 2, Patrick Kane 4) at 16:20
9. Canadiens , Sidney Crosby 1 (Joe Pavelski 2, Vitaly Vishnevsky 1) at 19:13 (PP)
Penalties :
Patrick Sharp (Mon) for High sticking (Minor) at 3:16, Jason Spezza (Mon) for Tripping (Minor) at 6:14, Adam Pardy (Mon) for High sticking (Minor) at 6:47, Sidney Crosby (Mon) for Hooking (Minor) at 10:06, Mikko Koivu (NJD) for Hooking (Minor) at 18:13
3rd period
10. Canadiens , Dustin Boyd 2 (Luke Schenn 1) at 1:03
11. Devils , Martin St. Louis 2 (Mikko Koivu 4) at 8:07
12. Canadiens , Jason Spezza 2 (Dennis Wideman 2, Evgeny Dadonov 2) at 9:52
Penalties :
Greg Stewart (Mon) for Interference (Minor) at 3:09, Brandon Bollig (NJD) for Hooking (Minor) at 11:39, Tyler Cuma (NJD) for Hooking (Minor) at 15:43
Overtime #1
13. Canadiens , Andrew Ebbett 1 (Ladislav Nagy 1, Dustin Boyd 1) at 3:23
Penalties :
No Penalty
Goalie Stats
James Reimer (NJD), 29 saves from 36 shots - (0.806), OTL, 0-0-1, 63:23 minutes
Jonathan Bernier (Mon), 17 saves from 22 shots - (0.773), 36:20 minutes
Mikael Tellqvist (Mon), 8 saves from 9 shots - (0.889), W, 1-0-0, 27:03 minutes
Players Stats for Devils
Player Name G A P +/- PIM S H SB GA TA FO MP PP MP PK MP
------------------------------------------------------------------------------------
Anthony Stewart 0 0 0 0 0 2 1 0 1 0 0/0 7:32 0:01 0:00
Brandon Bollig 0 0 0 0 2 0 0 1 0 0 0/1 6:36 0:00 0:00
Chris Kreider 1 3 4 -2 0 3 2 2 1 0 0/2 19:15 3:08 0:00
Dmitry Kulikov 0 0 0 -3 0 0 0 1 0 0 0/0 18:41 4:47 0:20
Erik Christensen 0 0 0 0 0 0 0 1 0 0 2/3 9:24 0:01 2:19
Jonathan Toews 0 1 1 -2 0 3 3 0 0 0 12/30 22:33 3:08 3:17
Jordan Eberle 0 0 0 0 2 5 3 0 1 0 1/1 18:23 3:08 2:32
Kellan Lain 0 0 0 0 0 1 3 0 1 0 0/0 10:17 0:01 1:09
Kyle Cumiskey 0 0 0 0 0 0 1 0 0 0 0/0 17:10 0:00 6:32
Martin St. Louis 1 0 1 0 0 1 0 0 0 0 0/0 8:20 0:00 0:00
Matt Duchene 1 0 1 0 0 3 0 0 0 0 13/20 17:46 4:45 0:17
Mike Komisarek 0 0 0 1 0 1 0 2 1 2 0/0 23:53 0:00 4:23
Mikko Koivu 0 2 2 0 2 0 2 0 0 0 5/14 14:07 0:00 5:42
Patrick Kane 2 2 4 -2 0 5 1 2 1 0 1/2 27:23 4:45 6:34
Ryan Whitney 0 2 2 0 0 1 0 0 0 2 0/0 20:38 4:47 4:23
Taylor Hall 0 1 1 0 0 3 2 0 0 1 1/1 17:24 4:45 0:00
Travis Hamonic 0 0 0 -4 0 2 1 2 0 0 0/0 24:05 3:07 6:12
Tyler Cuma 1 0 1 2 6 1 2 0 0 1 0/0 22:27 3:07 0:00
Players Stats for Canadiens
Player Name G A P +/- PIM S H SB GA TA FO MP PP MP PK MP
------------------------------------------------------------------------------------
Adam Pardy 0 0 0 0 2 0 2 0 0 0 0/0 17:55 5:03 3:25
Andrew Ebbett 1 0 1 1 0 1 2 0 0 0 2/7 7:40 0:00 2:12
Brett Maclean 0 0 0 1 0 1 1 0 0 0 0/0 10:36 0:00 0:00
David Jones 0 0 0 1 0 1 4 0 0 0 0/0 13:26 0:06 1:47
Dennis Wideman 0 1 1 4 0 2 0 0 0 0 0/0 31:20 5:52 4:28
Dustin Boyd 1 1 2 1 0 4 1 0 0 2 3/7 11:41 0:00 0:00
Evgeny Dadonov 0 1 1 0 0 4 3 0 1 0 0/1 15:25 4:13 0:00
Greg Stewart 1 1 2 0 2 4 2 2 2 1 0/2 18:16 0:34 0:28
Jason Spezza 1 0 1 0 2 1 2 0 1 0 9/17 18:57 4:13 3:21
Joe Pavelski 2 2 4 0 0 7 4 0 0 1 1/3 22:40 6:23 0:00
Karl Alzner 0 0 0 -2 0 0 0 1 0 0 0/0 16:55 0:00 2:48
Ladislav Nagy 0 1 1 1 0 1 3 0 0 0 0/0 13:03 4:16 3:49
Luke Schenn 0 1 1 4 0 0 3 2 0 2 0/0 27:10 5:03 5:06
Marcel Goc 0 0 0 1 0 0 0 0 0 0 0/0 6:00 0:19 0:00
Patrick Sharp 0 0 0 0 2 1 1 0 0 0 0/0 17:56 6:18 0:19
Sidney Crosby 1 2 3 0 2 6 1 1 1 0 24/37 25:05 6:23 2:26
Vitaly Vishnevsky 0 1 1 -2 0 3 1 0 1 0 0/0 23:43 5:52 0:00
Wes O'Neill 0 0 0 0 0 0 1 1 0 0 0/0 9:42 0:00 0:00
3 Stars
1 - Joe Pavelski (Mon)
2 - Patrick Kane (NJD)
3 - Chris Kreider (NJD)
Power Play
Devils - 2 on 5 Attempt(s) - 40.00%
Canadiens - 1 on 6 Attempt(s) - 16.67%
Penalty Kill
Devils - 5 on 6 Attempt(s) - 83.33%
- Score 0 goal in Penalty Kill
Canadiens - 3 on 5 Attempt(s) - 60.00%
- Score 0 goal in Penalty Kill
Team Stat
Devils - Hits : 21 - Faceoff Wins : 35 - Blocked Shots : 11 - Penalty Minutes : 12
Canadiens - Hits : 31 - Faceoff Wins : 39 - Blocked Shots : 7 - Penalty Minutes : 10
Official
Referees : VanMassenhoven Don and Sutherland Kelly
Linesman : Tim Nowak and Brad Kovachik
Game Notes
Mikael Tellqvist enters game at 16:20 of 2nd period
Finance
Level 1 -- Attendance: 6000 (100.00%) -- Ticket Income $528,000
Level 2 -- Attendance: 5000 (100.00%) -- Ticket Income $275,000
Level 3 -- Attendance: 2000 (100.00%) -- Ticket Income $72,000
Level 4 -- Attendance: 4000 (100.00%) -- Ticket Income $108,000
Luxury Box -- Attendance: 1000 (100.00%) -- Ticket Income $155,000
Game was played at the Centre Bell.
Total Attendance: 18000 (100.00%)
Total Ticket Income: $1,138,000
Other Income: $170,700
Total Income: $1,308,700
Devils
5 vs 5 Forward
Center Left Wing Right Wing Time % Phy DF OF
1 Jonathan Toews Chris Kreider Patrick Kane 40 0 2 3
2 Matt Duchene Taylor Hall Jordan Eberle 30 0 2 3
3 Mikko Koivu Kellan Lain Martin St. Louis 20 0 2 3
4 Erik Christensen Brandon Bollig Anthony Stewart 10 0 2 3
5 vs 5 Defense
Defense Defense Time % Phy DF OF
1 Mike Komisarek Tyler Cuma 40 1 2 2
2 Travis Hamonic Dmitry Kulikov 30 1 2 2
3 Ryan Whitney Kyle Cumiskey 20 1 2 2
4 Travis Hamonic Ryan Whitney 10 1 2 2
PowerPlay Forward
Center Left Wing Right Wing Time % Phy DF OF
1 Matt Duchene Taylor Hall Patrick Kane 60 0 2 3
2 Jonathan Toews Chris Kreider Jordan Eberle 40 0 2 3
PowerPlay Defense
Defense Defense Time % Phy DF OF
1 Dmitry Kulikov Ryan Whitney 60 0 2 3
2 Tyler Cuma Travis Hamonic 40 0 2 3
Penalty Kill 4 Players Forward
Center Wing Time % Phy DF OF
1 Mikko Koivu Patrick Kane 60 1 2 2
2 Jonathan Toews Jordan Eberle 40 1 2 2
Penalty Kill 4 Players Defense
Defense Defense Time % Phy DF OF
1 Travis Hamonic Kyle Cumiskey 60 1 2 2
2 Mike Komisarek Ryan Whitney 40 1 2 2
Penalty Kill - 3 Players Forward
Forward Time % Phy DF OF
1 Jordan Eberle 60 1 2 2
2 Patrick Kane 40 1 2 2
Penalty Kill - 3 Players Defense
Defense Defense Time % Phy DF OF
1 Travis Hamonic Kyle Cumiskey 60 1 2 2
2 Mike Komisarek Ryan Whitney 40 1 2 2
4 vs 4 Forward
Center Wing Time % Phy DF OF
1 Mikko Koivu Jordan Eberle 60 1 2 2
2 Jonathan Toews Chris Kreider 40 1 2 2
4 vs 4 Defense
Defense Defense Time % Phy DF OF
1 Mike Komisarek Dmitry Kulikov 60 1 2 2
2 Tyler Cuma Ryan Whitney 40 1 2 2
Last Minutes Offensive
Center Left Wing Right Wing Defense Defense
Matt Duchene Chris Kreider Patrick Kane Tyler Cuma Travis Hamonic
Last Minutes Defensive
Center Left Wing Right Wing Defense Defense
Matt Duchene Chris Kreider Jordan Eberle Mike Komisarek Travis Hamonic
Goaltenders
Starting : James Reimer
Backup : Ryan Miller
Extra Forwards
Normal : Jordan Eberle, Jonathan Toews, Chris Kreider - PP : Jordan Eberle, Jonathan Toews - PK : Erik Christensen
Extra Defensemen
Normal : Tyler Cuma, Mike Komisarek, Dmitry Kulikov - PP : Tyler Cuma - PK : Mike Komisarek, Dmitry Kulikov
Penalty Shots
Patrick Kane, Jonathan Toews, Mikko Koivu, Jordan Eberle, Chris Kreider
Scratches
Kurt Sauer (Bruised Left Leg Injury)
Canadiens
5 vs 5 Forward
Center Left Wing Right Wing Time % Phy DF OF
1 Sidney Crosby Greg Stewart Joe Pavelski 40 1 2 2
2 Jason Spezza Patrick Sharp Evgeny Dadonov 30 1 2 2
3 Dustin Boyd Brett Maclean David Jones 20 1 2 2
4 Andrew Ebbett Ladislav Nagy Marcel Goc 10 1 2 2
5 vs 5 Defense
Defense Defense Time % Phy DF OF
1 Luke Schenn Dennis Wideman 40 1 2 2
2 Vitaly Vishnevsky Karl Alzner 30 1 2 2
3 Wes O'Neill Adam Pardy 20 1 2 2
4 Luke Schenn Dennis Wideman 10 1 2 2
PowerPlay Forward
Center Left Wing Right Wing Time % Phy DF OF
1 Sidney Crosby Patrick Sharp Joe Pavelski 60 1 2 2
2 Jason Spezza Ladislav Nagy Evgeny Dadonov 40 1 2 2
PowerPlay Defense
Defense Defense Time % Phy DF OF
1 Dennis Wideman Vitaly Vishnevsky 60 1 2 2
2 Luke Schenn Adam Pardy 40 1 2 2
Penalty Kill 4 Players Forward
Center Wing Time % Phy DF OF
1 Jason Spezza Ladislav Nagy 60 1 2 2
2 Sidney Crosby David Jones 40 1 2 2
Penalty Kill 4 Players Defense
Defense Defense Time % Phy DF OF
1 Luke Schenn Adam Pardy 60 1 2 2
2 Dennis Wideman Karl Alzner 40 1 2 2
Penalty Kill - 3 Players Forward
Forward Time % Phy DF OF
1 Sidney Crosby 60 1 2 2
2 Andrew Ebbett 40 1 2 2
Penalty Kill - 3 Players Defense
Defense Defense Time % Phy DF OF
1 Luke Schenn Adam Pardy 60 1 2 2
2 Dennis Wideman Karl Alzner 40 1 2 2
4 vs 4 Forward
Center Wing Time % Phy DF OF
1 Sidney Crosby Joe Pavelski 60 1 2 2
2 Jason Spezza Patrick Sharp 40 1 2 2
4 vs 4 Defense
Defense Defense Time % Phy DF OF
1 Luke Schenn Dennis Wideman 60 1 2 2
2 Adam Pardy Vitaly Vishnevsky 40 1 2 2
Last Minutes Offensive
Center Left Wing Right Wing Defense Defense
Sidney Crosby Patrick Sharp Joe Pavelski Luke Schenn Dennis Wideman
Last Minutes Defensive
Center Left Wing Right Wing Defense Defense
Sidney Crosby Patrick Sharp Joe Pavelski Luke Schenn Adam Pardy
Goaltenders
Starting : Jonathan Bernier
Backup : Mikael Tellqvist
Extra Forwards
Normal : Patrick Sharp, Dustin Boyd, Marcel Goc - PP : Greg Stewart, Marcel Goc - PK : Andrew Ebbett
Extra Defensemen
Normal : Wes O'Neill, Adam Pardy, Luke Schenn - PP : Wes O'Neill - PK : Adam Pardy, Luke Schenn
Penalty Shots
Sidney Crosby, Dustin Boyd, Joe Pavelski, Jason Spezza, Greg Stewart
Scratches
Cal Clutterbuck (Healthy)
% Time on Ice - Devils
Lines # - Real PCT - Wanted PCT - Time Play
Normal Forward
1 - 38% - 40% - 16:43
2 - 29% - 30% - 12:54
3 - 19% - 20% - 8:20
4 - 15% - 10% - 6:37
Normal Defense
1 - 44% - 40% - 19:33
2 - 30% - 30% - 13:14
3 - 22% - 20% - 9:58
4 - 4% - 10% - 1:49
PP Forward
1 - 60% - 60% - 4:46
2 - 40% - 40% - 3:08
PP Defense
1 - 61% - 60% - 4:47
2 - 39% - 40% - 3:07
PK Forward
1 - 70% - 60% - 7:38
2 - 30% - 40% - 3:17
PK Defense
1 - 60% - 60% - 6:32
2 - 40% - 40% - 4:23
PK3 Forward
1 - 0% - 60%
2 - 0% - 40%
PK3 Defense
1 - 0% - 60%
2 - 0% - 40%
44 Forward
1 - 0% - 60%
2 - 0% - 40%
44 Defense
1 - 0% - 60%
2 - 0% - 40%
Last Minute Offensive - 0:00
Last Minute Defensive - 0:00
Total
Forward - 63:23
Defense - 63:23
|
% Time on Ice - Canadiens
Lines # - Real PCT - Wanted PCT - Time Play
Normal Forward
1 - 39% - 40% - 17:22
2 - 27% - 30% - 11:51
3 - 24% - 20% - 10:36
4 - 11% - 10% - 4:45
Normal Defense
1 - 45% - 40% - 19:52
2 - 32% - 30% - 14:23
3 - 20% - 20% - 9:00
4 - 3% - 10% - 1:19
PP Forward
1 - 61% - 60% - 6:39
2 - 39% - 40% - 4:16
PP Defense
1 - 54% - 60% - 5:52
2 - 46% - 40% - 5:03
PK Forward
1 - 72% - 60% - 4:39
2 - 28% - 40% - 1:49
PK Defense
1 - 57% - 60% - 3:40
2 - 43% - 40% - 2:48
PK3 Forward
1 - 86% - 60% - 1:14
2 - 14% - 40% - 0:12
PK3 Defense
1 - 100% - 60% - 1:26
2 - 0% - 40% - 0:00
44 Forward
1 - 0% - 60%
2 - 0% - 40%
44 Defense
1 - 0% - 60%
2 - 0% - 40%
Last Minute Offensive - 0:00
Last Minute Defensive - 0:00
Total
Forward - 63:23
Defense - 63:23
|
Play by Play
1st period
0:01 of 1st period - Sidney Crosby wins face-off versus Jonathan Toews in neutral zone.
0:22 of 1st period - Minor Penalty to Tyler Cuma for Hooking.
0:23 of 1st period - Sidney Crosby wins face-off versus Mikko Koivu in Devils zone.
0:30 of 1st period - Wrist shot by Joe Pavelski.
0:30 of 1st period - Stopped by James Reimer without a rebound.
0:31 of 1st period - Sidney Crosby wins face-off versus Mikko Koivu in Devils zone.
0:32 of 1st period - Slapshot by Joe Pavelski.
0:32 of 1st period - Shot Misses the Net.
0:34 of 1st period - Snap shot by Dennis Wideman.
0:34 of 1st period - Stopped by James Reimer without a rebound.
0:35 of 1st period - Jonathan Toews wins face-off versus Jason Spezza in Devils zone.
1:00 of 1st period - Joe Pavelski is hit by Mikko Koivu.
2:22 of 1st period - Penalty to Tyler Cuma is over, Tyler Cuma is back on ice.
3:06 of 1st period - Icing by Mikko Koivu.
3:07 of 1st period - Dustin Boyd wins face-off versus Mikko Koivu in Devils zone.
3:40 of 1st period - Wrist shot by Jonathan Toews.
3:40 of 1st period - Stopped by Jonathan Bernier without a rebound.
3:41 of 1st period - Matt Duchene wins face-off versus Sidney Crosby in Canadiens zone.
3:55 of 1st period - Off-side.
3:56 of 1st period - Jason Spezza wins face-off versus Jonathan Toews in neutral zone.
4:10 of 1st period - Minor Penalty to Tyler Cuma for Holding.
4:11 of 1st period - Patrick Kane wins face-off versus Sidney Crosby in Devils zone.
4:11 of 1st period - Patrick Kane is hit by Joe Pavelski.
4:43 of 1st period - Off-side.
4:44 of 1st period - Mikko Koivu wins face-off versus Sidney Crosby in neutral zone.
4:58 of 1st period - Off-side.
4:59 of 1st period - Jason Spezza wins face-off versus Mikko Koivu in neutral zone.
5:02 of 1st period - Slapshot by Evgeny Dadonov.
5:02 of 1st period - Shot Blocked by Travis Hamonic.
5:14 of 1st period - Wrist shot by Evgeny Dadonov.
5:14 of 1st period - Stopped by James Reimer with a rebound.
5:31 of 1st period - Icing by Luke Schenn.
5:32 of 1st period - Sidney Crosby wins face-off versus Jonathan Toews in Canadiens zone.
5:51 of 1st period - Wrist shot by Joe Pavelski.
5:51 of 1st period - Shot Misses the Net.
5:53 of 1st period - Snap shot by Sidney Crosby.
5:53 of 1st period - Stopped by James Reimer without a rebound.
5:54 of 1st period - Jason Spezza wins face-off versus Patrick Kane in Devils zone.
6:10 of 1st period - Penalty to Tyler Cuma is over, Tyler Cuma is back on ice.
6:23 of 1st period - Snap shot by Taylor Hall.
6:23 of 1st period - Stopped by Jonathan Bernier with a rebound.
7:30 of 1st period - Wrist shot by Dennis Wideman.
7:30 of 1st period - Stopped by James Reimer with a rebound.
7:32 of 1st period - Slapshot by Vitaly Vishnevsky.
7:32 of 1st period - Deflect By Martin St. Louis.
7:32 of 1st period - Stopped by James Reimer with a rebound.
7:42 of 1st period - Joe Pavelski is hit by Jordan Eberle.
7:48 of 1st period - Slapshot by Joe Pavelski.
7:48 of 1st period - Goal by Joe Pavelski - Devils : 0 - Canadiens : 1.
7:49 of 1st period - Sidney Crosby wins face-off versus Jonathan Toews in neutral zone.
8:50 of 1st period - Slapshot by Brett Maclean.
8:50 of 1st period - Shot Misses the Net.
9:08 of 1st period - Joe Pavelski is hit by Kyle Cumiskey and loses puck.
9:23 of 1st period - Dmitry Kulikov is hit by Ladislav Nagy and loses puck.
9:34 of 1st period - Wrist shot by Chris Kreider.
9:34 of 1st period - Shot Misses the Net.
9:53 of 1st period - Slapshot by Vitaly Vishnevsky.
9:53 of 1st period - Shot Blocked by Dmitry Kulikov.
10:25 of 1st period - Luke Schenn is hit by Anthony Stewart and loses puck.
10:32 of 1st period - Slapshot by Anthony Stewart.
10:32 of 1st period - Shot Blocked by Luke Schenn.
10:34 of 1st period - Snap shot by Anthony Stewart.
10:34 of 1st period - Stopped by Jonathan Bernier without a rebound.
10:35 of 1st period - Jonathan Toews wins face-off versus Sidney Crosby in Canadiens zone.
10:48 of 1st period - Wrist shot by Sidney Crosby.
10:48 of 1st period - Stopped by James Reimer without a rebound.
10:49 of 1st period - Jonathan Toews wins face-off versus Joe Pavelski in Devils zone.
10:49 of 1st period - Jonathan Toews is hit by Joe Pavelski.
10:54 of 1st period - Off-side.
10:55 of 1st period - Sidney Crosby wins face-off versus Jonathan Toews in neutral zone.
11:23 of 1st period - Patrick Kane is hit by Joe Pavelski and loses puck.
11:42 of 1st period - Snap shot by Greg Stewart.
11:42 of 1st period - Stopped by James Reimer with a rebound.
11:44 of 1st period - Snap shot by Joe Pavelski.
11:44 of 1st period - Goal by Joe Pavelski - Devils : 0 - Canadiens : 2.
11:45 of 1st period - Taylor Hall wins face-off versus Jason Spezza in neutral zone.
12:00 of 1st period - Slapshot by Jordan Eberle.
12:00 of 1st period - Stopped by Jonathan Bernier with a rebound.
12:12 of 1st period - Mike Komisarek is hit by Adam Pardy and loses puck.
12:45 of 1st period - Wrist shot by Patrick Kane.
12:45 of 1st period - Goal by Patrick Kane - Devils : 1 - Canadiens : 2.
12:46 of 1st period - Jason Spezza wins face-off versus Matt Duchene in neutral zone.
12:55 of 1st period - Snap shot by Evgeny Dadonov.
12:55 of 1st period - Stopped by James Reimer without a rebound.
12:56 of 1st period - Matt Duchene wins face-off versus Jason Spezza in Devils zone.
13:17 of 1st period - Matt Duchene is hit by Vitaly Vishnevsky and loses puck.
13:39 of 1st period - Minor Penalty to Jordan Eberle for High sticking.
13:40 of 1st period - Sidney Crosby wins face-off versus Mikko Koivu in Devils zone.
14:08 of 1st period - Mikko Koivu is hit by Ladislav Nagy and loses puck.
15:39 of 1st period - Penalty to Jordan Eberle is over, Jordan Eberle is back on ice.
16:33 of 1st period - David Jones is hit by Patrick Kane and loses puck.
17:03 of 1st period - Icing by Luke Schenn.
17:04 of 1st period - Jason Spezza wins face-off versus Brandon Bollig in Canadiens zone.
17:15 of 1st period - Snap shot by Evgeny Dadonov.
17:15 of 1st period - Stopped by James Reimer with a rebound.
17:17 of 1st period - Slapshot by Vitaly Vishnevsky.
17:17 of 1st period - Shot Misses the Net.
17:35 of 1st period - Wrist shot by Patrick Kane.
17:35 of 1st period - Shot Misses the Net.
17:37 of 1st period - Slapshot by Dmitry Kulikov.
17:37 of 1st period - Shot Misses the Net.
17:49 of 1st period - Slapshot by Vitaly Vishnevsky.
17:49 of 1st period - Stopped by James Reimer without a rebound.
17:50 of 1st period - Matt Duchene wins face-off versus Dustin Boyd in Devils zone.
18:53 of 1st period - Snap shot by Taylor Hall.
18:53 of 1st period - Deflect By Jordan Eberle.
18:53 of 1st period - Shot Misses the Net.
18:53 of 1st period - Puck is out of play.
18:54 of 1st period - Sidney Crosby wins face-off versus Jonathan Toews in Canadiens zone.
Goals for this period are 1 for Devils vs 2 for Canadiens.
Shots for this period are 5 for Devils vs 13 for Canadiens.
2nd period
0:01 of 2nd period - Sidney Crosby wins face-off versus Jonathan Toews in neutral zone.
0:04 of 2nd period - Wrist shot by Greg Stewart.
0:04 of 2nd period - Stopped by James Reimer without a rebound.
0:05 of 2nd period - Jonathan Toews wins face-off versus Sidney Crosby in Devils zone.
0:12 of 2nd period - Snap shot by Travis Hamonic.
0:12 of 2nd period - Shot Misses the Net.
0:14 of 2nd period - Snap shot by Jonathan Toews.
0:14 of 2nd period - Stopped by Jonathan Bernier with a rebound.
1:03 of 2nd period - Snap shot by Sidney Crosby.
1:03 of 2nd period - Shot Blocked by Chris Kreider.
1:15 of 2nd period - Snap shot by Greg Stewart.
1:15 of 2nd period - Goal by Greg Stewart - Devils : 1 - Canadiens : 3.
1:16 of 2nd period - Mikko Koivu wins face-off versus Jason Spezza in neutral zone.
1:21 of 2nd period - Karl Alzner is hit by Kellan Lain and loses puck.
1:53 of 2nd period - Off-side.
1:54 of 2nd period - Mikko Koivu wins face-off versus Evgeny Dadonov in neutral zone.
1:57 of 2nd period - Snap shot by Kellan Lain.
1:57 of 2nd period - Stopped by Jonathan Bernier with a rebound.
2:19 of 2nd period - Taylor Hall is hit by Luke Schenn and loses puck.
2:40 of 2nd period - Off-side.
2:41 of 2nd period - Erik Christensen wins face-off versus Dustin Boyd in neutral zone.
2:41 of 2nd period - Erik Christensen is hit by David Jones.
2:51 of 2nd period - Brandon Bollig is hit by David Jones and loses puck.
3:16 of 2nd period - Minor Penalty to Patrick Sharp for High sticking.
3:17 of 2nd period - Jason Spezza wins face-off versus Matt Duchene in Canadiens zone.
4:41 of 2nd period - Taylor Hall is hit by Sidney Crosby.
5:16 of 2nd period - Penalty to Patrick Sharp is over, Patrick Sharp is back on ice.
5:32 of 2nd period - Kellan Lain is hit by Adam Pardy and loses puck.
5:45 of 2nd period - Kellan Lain is hit by Greg Stewart and loses puck.
5:52 of 2nd period - Slapshot by Greg Stewart.
5:52 of 2nd period - Shot Misses the Net.
5:54 of 2nd period - Snap shot by Greg Stewart.
5:54 of 2nd period - Stopped by James Reimer with a rebound.
5:56 of 2nd period - Slapshot by Luke Schenn.
5:56 of 2nd period - Deflect By Joe Pavelski.
5:56 of 2nd period - Stopped by James Reimer with a rebound.
6:14 of 2nd period - Minor Penalty to Jason Spezza for Tripping.
6:15 of 2nd period - Matt Duchene wins face-off versus Andrew Ebbett in Canadiens zone.
6:28 of 2nd period - Slapshot by Taylor Hall.
6:28 of 2nd period - Deflect By Patrick Kane.
6:28 of 2nd period - Shot Misses the Net.
6:28 of 2nd period - Puck is out of play.
6:29 of 2nd period - Matt Duchene wins face-off versus Andrew Ebbett in Canadiens zone.
6:47 of 2nd period - Minor Penalty to Adam Pardy for High sticking.
6:48 of 2nd period - Sidney Crosby wins face-off versus Matt Duchene in Canadiens zone.
6:58 of 2nd period - Slapshot by Matt Duchene.
6:58 of 2nd period - Deflect By Patrick Kane.
6:58 of 2nd period - Stopped by Jonathan Bernier without a rebound.
6:59 of 2nd period - Matt Duchene wins face-off versus Sidney Crosby in Canadiens zone.
7:08 of 2nd period - Wrist shot by Matt Duchene.
7:08 of 2nd period - Stopped by Jonathan Bernier without a rebound.
7:09 of 2nd period - Matt Duchene wins face-off versus Sidney Crosby in Canadiens zone.
7:10 of 2nd period - Snap shot by Patrick Kane.
7:10 of 2nd period - Shot Blocked by Sidney Crosby.
7:12 of 2nd period - Wrist shot by Matt Duchene.
7:12 of 2nd period - Shot Misses the Net.
7:14 of 2nd period - Wrist shot by Matt Duchene.
7:14 of 2nd period - Shot Misses the Net.
7:16 of 2nd period - Snap shot by Dmitry Kulikov.
7:16 of 2nd period - Shot Misses the Net.
8:01 of 2nd period - Off-side.
8:02 of 2nd period - Andrew Ebbett wins face-off versus Jonathan Toews in neutral zone.
8:05 of 2nd period - Chris Kreider is hit by Luke Schenn.
8:14 of 2nd period - Penalty to Jason Spezza is over, Jason Spezza is back on ice.
8:15 of 2nd period - Snap shot by Chris Kreider.
8:15 of 2nd period - Deflect By Jordan Eberle.
8:15 of 2nd period - Shot Misses the Net.
8:15 of 2nd period - Puck is out of play.
8:16 of 2nd period - Jonathan Toews wins face-off versus Jason Spezza in Canadiens zone.
8:21 of 2nd period - Backhand shot by Jordan Eberle.
8:21 of 2nd period - Stopped by Jonathan Bernier with a rebound.
8:23 of 2nd period - Slapshot by Tyler Cuma.
8:23 of 2nd period - Deflect By Jonathan Toews.
8:23 of 2nd period - Stopped by Jonathan Bernier with a rebound.
8:25 of 2nd period - Wrist shot by Chris Kreider.
8:25 of 2nd period - Shot Hit the Post.
8:27 of 2nd period - Snap shot by Tyler Cuma.
8:27 of 2nd period - Goal by Tyler Cuma - Devils : 2 - Canadiens : 3.
8:28 of 2nd period - Sidney Crosby wins face-off versus Jonathan Toews in neutral zone.
9:34 of 2nd period - Anthony Stewart is hit by Brett Maclean and loses puck.
9:43 of 2nd period - Slapshot by David Jones.
9:43 of 2nd period - Stopped by James Reimer with a rebound.
9:45 of 2nd period - Snap shot by David Jones.
9:45 of 2nd period - Shot Blocked by Brandon Bollig.
9:47 of 2nd period - Snap shot by David Jones.
9:47 of 2nd period - Deflect By Dustin Boyd.
9:47 of 2nd period - Stopped by James Reimer with a rebound.
9:57 of 2nd period - Slapshot by Anthony Stewart.
9:57 of 2nd period - Stopped by Jonathan Bernier without a rebound.
9:58 of 2nd period - Sidney Crosby wins face-off versus Jonathan Toews in Canadiens zone.
10:06 of 2nd period - Minor Penalty to Sidney Crosby for Hooking.
10:07 of 2nd period - Jason Spezza wins face-off versus Matt Duchene in Canadiens zone.
10:21 of 2nd period - Wrist shot by Patrick Kane.
10:21 of 2nd period - Shot Misses the Net.
10:23 of 2nd period - Slapshot by Ryan Whitney.
10:23 of 2nd period - Shot Misses the Net.
10:39 of 2nd period - Snap shot by Travis Hamonic.
10:39 of 2nd period - Stopped by Jonathan Bernier without a rebound.
10:40 of 2nd period - Jonathan Toews wins face-off versus Andrew Ebbett in Canadiens zone.
10:41 of 2nd period - Slapshot by Chris Kreider.
10:41 of 2nd period - Stopped by Jonathan Bernier without a rebound.
10:42 of 2nd period - Andrew Ebbett wins face-off versus Jonathan Toews in Canadiens zone.
11:49 of 2nd period - Slapshot by Chris Kreider.
11:49 of 2nd period - Goal by Chris Kreider - Devils : 3 - Canadiens : 3.
11:50 of 2nd period - Sidney Crosby wins face-off versus Jonathan Toews in neutral zone.
11:55 of 2nd period - Patrick Kane is hit by Joe Pavelski.
12:11 of 2nd period - Patrick Kane is hit by Luke Schenn and loses puck.
12:45 of 2nd period - Ladislav Nagy is hit by Kellan Lain and loses puck.
13:05 of 2nd period - Wrist shot by Brett Maclean.
13:05 of 2nd period - Shot Misses the Net.
13:28 of 2nd period - Off-side.
13:29 of 2nd period - Sidney Crosby wins face-off versus Jonathan Toews in neutral zone.
13:42 of 2nd period - Snap shot by Patrick Kane.
13:42 of 2nd period - Goal by Patrick Kane - Devils : 4 - Canadiens : 3.
13:43 of 2nd period - Jonathan Toews wins face-off versus Sidney Crosby in neutral zone.
13:46 of 2nd period - Joe Pavelski is hit by Chris Kreider.
13:54 of 2nd period - Snap shot by Patrick Kane.
13:54 of 2nd period - Stopped by Jonathan Bernier with a rebound.
14:00 of 2nd period - Jonathan Toews is hit by Greg Stewart and loses puck.
14:11 of 2nd period - Snap shot by Andrew Ebbett.
14:11 of 2nd period - Deflect By Marcel Goc.
14:11 of 2nd period - Shot Blocked by Patrick Kane.
14:11 of 2nd period - Puck is out of play.
14:12 of 2nd period - Matt Duchene wins face-off versus Andrew Ebbett in Devils zone.
14:17 of 2nd period - Slapshot by Travis Hamonic.
14:17 of 2nd period - Stopped by Jonathan Bernier without a rebound.
14:18 of 2nd period - Matt Duchene wins face-off versus Andrew Ebbett in Canadiens zone.
14:56 of 2nd period - Wrist shot by Patrick Kane.
14:56 of 2nd period - Shot Misses the Net.
15:06 of 2nd period - Martin St. Louis is hit by Evgeny Dadonov and loses puck.
15:15 of 2nd period - Wrist shot by Patrick Sharp.
15:15 of 2nd period - Stopped by James Reimer without a rebound.
15:16 of 2nd period - Sidney Crosby wins face-off versus Matt Duchene in Devils zone.
15:17 of 2nd period - Wrist shot by Greg Stewart.
15:17 of 2nd period - Shot Misses the Net.
15:21 of 2nd period - Snap shot by Sidney Crosby.
15:21 of 2nd period - Shot Misses the Net.
15:23 of 2nd period - Slapshot by Greg Stewart.
15:23 of 2nd period - Deflect By Sidney Crosby.
15:23 of 2nd period - Stopped by James Reimer with a rebound.
15:25 of 2nd period - Slapshot by Adam Pardy.
15:25 of 2nd period - Shot Misses the Net.
15:41 of 2nd period - Patrick Sharp is hit by Jonathan Toews and loses puck.
15:50 of 2nd period - Wrist shot by Patrick Kane.
15:50 of 2nd period - Deflect By Patrick Sharp.
15:50 of 2nd period - Stopped by Jonathan Bernier without a rebound.
15:51 of 2nd period - Sidney Crosby wins face-off versus Chris Kreider in Canadiens zone.
16:18 of 2nd period - Slapshot by Ryan Whitney.
16:18 of 2nd period - Stopped by Jonathan Bernier with a rebound.
16:20 of 2nd period - Snap shot by Matt Duchene.
16:20 of 2nd period - Goal by Matt Duchene - Devils : 5 - Canadiens : 3.
16:20 of 2nd period - Mikael Tellqvist enters game.
16:21 of 2nd period - Jonathan Toews wins face-off versus Sidney Crosby in neutral zone.
16:35 of 2nd period - Icing by Joe Pavelski.
16:36 of 2nd period - Matt Duchene wins face-off versus Sidney Crosby in Canadiens zone.
16:37 of 2nd period - Wrist shot by Jordan Eberle.
16:37 of 2nd period - Stopped by Mikael Tellqvist with a rebound.
16:39 of 2nd period - Snap shot by Jordan Eberle.
16:39 of 2nd period - Shot Blocked by Luke Schenn.
16:41 of 2nd period - Snap shot by Jordan Eberle.
16:41 of 2nd period - Shot Misses the Net.
16:43 of 2nd period - Snap shot by Taylor Hall.
16:43 of 2nd period - Stopped by Mikael Tellqvist with a rebound.
16:45 of 2nd period - Slapshot by Mike Komisarek.
16:45 of 2nd period - Shot Blocked by Greg Stewart.
16:47 of 2nd period - Slapshot by Mike Komisarek.
16:47 of 2nd period - Deflect By Greg Stewart.
16:47 of 2nd period - Stopped by Mikael Tellqvist with a rebound.
16:49 of 2nd period - Snap shot by Matt Duchene.
16:49 of 2nd period - Shot Misses the Net.
16:51 of 2nd period - Backhand shot by Jordan Eberle.
16:51 of 2nd period - Stopped by Mikael Tellqvist with a rebound.
16:53 of 2nd period - Snap shot by Jordan Eberle.
16:53 of 2nd period - Stopped by Mikael Tellqvist without a rebound.
16:54 of 2nd period - Jason Spezza wins face-off versus Jonathan Toews in Canadiens zone.
17:28 of 2nd period - Slapshot by Adam Pardy.
17:28 of 2nd period - Shot Blocked by Patrick Kane.
17:45 of 2nd period - Icing by Joe Pavelski.
17:46 of 2nd period - Sidney Crosby wins face-off versus Matt Duchene in Canadiens zone.
17:46 of 2nd period - Sidney Crosby is hit by Taylor Hall.
18:13 of 2nd period - Minor Penalty to Mikko Koivu for Hooking.
18:14 of 2nd period - Sidney Crosby wins face-off versus Erik Christensen in Devils zone.
18:21 of 2nd period - Snap shot by Joe Pavelski.
18:21 of 2nd period - Deflect By Patrick Sharp.
18:21 of 2nd period - Shot Misses the Net.
18:21 of 2nd period - Puck is out of play.
18:22 of 2nd period - Erik Christensen wins face-off versus Sidney Crosby in Devils zone.
18:49 of 2nd period - Icing by Dennis Wideman.
18:50 of 2nd period - Matt Duchene wins face-off versus Sidney Crosby in Canadiens zone.
19:03 of 2nd period - Snap shot by Joe Pavelski.
19:03 of 2nd period - Shot Blocked by Erik Christensen.
19:05 of 2nd period - Slapshot by Vitaly Vishnevsky.
19:05 of 2nd period - Shot Blocked by Mike Komisarek.
19:09 of 2nd period - Slapshot by Joe Pavelski.
19:09 of 2nd period - Stopped by James Reimer with a rebound.
19:11 of 2nd period - Slapshot by Vitaly Vishnevsky.
19:11 of 2nd period - Shot Misses the Net.
19:13 of 2nd period - Snap shot by Joe Pavelski.
19:13 of 2nd period - Deflect By Sidney Crosby.
19:13 of 2nd period - Goal by Sidney Crosby - Devils : 5 - Canadiens : 4.
19:14 of 2nd period - Dustin Boyd wins face-off versus Matt Duchene in neutral zone.
19:21 of 2nd period - Snap shot by Dustin Boyd.
19:21 of 2nd period - Stopped by James Reimer with a rebound.
19:29 of 2nd period - Slapshot by Taylor Hall.
19:29 of 2nd period - Stopped by Mikael Tellqvist without a rebound.
19:30 of 2nd period - Jason Spezza wins face-off versus Jonathan Toews in Canadiens zone.
Goals for this period are 4 for Devils vs 2 for Canadiens.
Shots for this period are 23 for Devils vs 11 for Canadiens.
3rd period
0:01 of 3rd period - Sidney Crosby wins face-off versus Jonathan Toews in neutral zone.
0:38 of 3rd period - Wrist shot by Evgeny Dadonov.
0:38 of 3rd period - Shot Misses the Net.
1:03 of 3rd period - Wrist shot by Dustin Boyd.
1:03 of 3rd period - Goal by Dustin Boyd - Devils : 5 - Canadiens : 5.
1:04 of 3rd period - Jonathan Toews wins face-off versus Sidney Crosby in neutral zone.
1:38 of 3rd period - Dmitry Kulikov is hit by Evgeny Dadonov and loses puck.
1:51 of 3rd period - Wrist shot by Dustin Boyd.
1:51 of 3rd period - Stopped by James Reimer without a rebound.
1:52 of 3rd period - Mikko Koivu wins face-off versus Dustin Boyd in Devils zone.
1:57 of 3rd period - Snap shot by Mikko Koivu.
1:57 of 3rd period - Deflect By Kellan Lain.
1:57 of 3rd period - Shot Blocked by Karl Alzner.
1:57 of 3rd period - Puck is out of play.
1:58 of 3rd period - Sidney Crosby wins face-off versus Jonathan Toews in Canadiens zone.
1:58 of 3rd period - Sidney Crosby is hit by Tyler Cuma.
2:34 of 3rd period - Vitaly Vishnevsky is hit by Tyler Cuma and loses puck.
3:09 of 3rd period - Minor Penalty to Greg Stewart for Interference.
3:10 of 3rd period - Matt Duchene wins face-off versus Jason Spezza in Canadiens zone.
3:46 of 3rd period - Wrist shot by Jonathan Toews.
3:46 of 3rd period - Shot Misses the Net.
4:24 of 3rd period - Chris Kreider is hit by Patrick Sharp.
4:58 of 3rd period - Chris Kreider is hit by David Jones and loses puck.
5:09 of 3rd period - Penalty to Greg Stewart is over, Greg Stewart is back on ice.
5:20 of 3rd period - Luke Schenn is hit by Mikko Koivu and loses puck.
5:39 of 3rd period - Kyle Cumiskey is hit by David Jones and loses puck.
6:38 of 3rd period - Greg Stewart is hit by Jonathan Toews and loses puck.
7:25 of 3rd period - Ryan Whitney is hit by Dustin Boyd and loses puck.
7:52 of 3rd period - Andrew Ebbett is hit by Jordan Eberle and loses puck.
8:07 of 3rd period - Snap shot by Martin St. Louis.
8:07 of 3rd period - Goal by Martin St. Louis - Devils : 6 - Canadiens : 5.
8:08 of 3rd period - Jonathan Toews wins face-off versus Jason Spezza in neutral zone.
8:17 of 3rd period - Slapshot by Patrick Kane.
8:17 of 3rd period - Shot Misses the Net.
9:52 of 3rd period - Snap shot by Jason Spezza.
9:52 of 3rd period - Goal by Jason Spezza - Devils : 6 - Canadiens : 6.
9:53 of 3rd period - Joe Pavelski wins face-off versus Jonathan Toews in neutral zone.
10:02 of 3rd period - Snap shot by Sidney Crosby.
10:02 of 3rd period - Stopped by James Reimer without a rebound.
10:03 of 3rd period - Jonathan Toews wins face-off versus Joe Pavelski in Devils zone.
10:08 of 3rd period - Wes O'Neill is hit by Chris Kreider and loses puck.
10:27 of 3rd period - Wrist shot by Chris Kreider.
10:27 of 3rd period - Stopped by Mikael Tellqvist with a rebound.
10:35 of 3rd period - Wrist shot by Joe Pavelski.
10:35 of 3rd period - Shot Misses the Net.
10:37 of 3rd period - Slapshot by Joe Pavelski.
10:37 of 3rd period - Stopped by James Reimer with a rebound.
10:39 of 3rd period - Wrist shot by Joe Pavelski.
10:39 of 3rd period - Stopped by James Reimer without a rebound.
10:40 of 3rd period - Jordan Eberle wins face-off versus Jason Spezza in Devils zone.
10:40 of 3rd period - Jordan Eberle is hit by Jason Spezza.
11:33 of 3rd period - Anthony Stewart is hit by Andrew Ebbett and loses puck.
11:39 of 3rd period - Minor Penalty to Brandon Bollig for Hooking.
11:40 of 3rd period - Sidney Crosby wins face-off versus Mikko Koivu in Devils zone.
12:06 of 3rd period - Mikko Koivu is hit by Jason Spezza and loses puck.
12:11 of 3rd period - Wrist shot by Evgeny Dadonov.
12:11 of 3rd period - Stopped by James Reimer with a rebound.
12:13 of 3rd period - Slapshot by Vitaly Vishnevsky.
12:13 of 3rd period - Stopped by James Reimer without a rebound.
12:14 of 3rd period - Sidney Crosby wins face-off versus Mikko Koivu in Devils zone.
13:39 of 3rd period - Penalty to Brandon Bollig is over, Brandon Bollig is back on ice.
14:04 of 3rd period - Snap shot by Dennis Wideman.
14:04 of 3rd period - Shot Blocked by Travis Hamonic.
14:10 of 3rd period - Dennis Wideman is hit by Jonathan Toews and loses puck.
14:29 of 3rd period - Dennis Wideman is hit by Taylor Hall and loses puck.
15:08 of 3rd period - Kyle Cumiskey is hit by Wes O'Neill and loses puck.
15:24 of 3rd period - Off-side.
15:25 of 3rd period - Mikko Koivu wins face-off versus Greg Stewart in neutral zone.
15:30 of 3rd period - Snap shot by Mike Komisarek.
15:30 of 3rd period - Shot Blocked by Wes O'Neill.
15:38 of 3rd period - Snap shot by Sidney Crosby.
15:38 of 3rd period - Stopped by James Reimer without a rebound.
15:39 of 3rd period - Dustin Boyd wins face-off versus Mikko Koivu in Devils zone.
15:43 of 3rd period - Minor Penalty to Tyler Cuma for Hooking.
15:44 of 3rd period - Sidney Crosby wins face-off versus Mikko Koivu in Devils zone.
16:10 of 3rd period - Kyle Cumiskey is hit by Ladislav Nagy and loses puck.
16:45 of 3rd period - Ryan Whitney is hit by Evgeny Dadonov and loses puck.
17:06 of 3rd period - Dennis Wideman is hit by Travis Hamonic and loses puck.
17:43 of 3rd period - Penalty to Tyler Cuma is over, Tyler Cuma is back on ice.
17:49 of 3rd period - Slapshot by Matt Duchene.
17:49 of 3rd period - Deflect By Marcel Goc.
17:49 of 3rd period - Stopped by Mikael Tellqvist with a rebound.
18:05 of 3rd period - Luke Schenn is hit by Jordan Eberle.
19:10 of 3rd period - Icing by Marcel Goc.
19:11 of 3rd period - Sidney Crosby wins face-off versus Chris Kreider in Canadiens zone.
Goals for this period are 1 for Devils vs 2 for Canadiens.
Shots for this period are 3 for Devils vs 9 for Canadiens.
Overtime #1
0:01 of 1st overtime period - Jonathan Toews wins face-off versus Greg Stewart in neutral zone.
0:15 of 1st overtime period - Snap shot by Jonathan Toews.
0:15 of 1st overtime period - Shot Blocked by Greg Stewart.
0:27 of 1st overtime period - Slapshot by Dustin Boyd.
0:27 of 1st overtime period - Shot Blocked by Mike Komisarek.
0:29 of 1st overtime period - Slapshot by Vitaly Vishnevsky.
0:29 of 1st overtime period - Shot Misses the Net.
0:31 of 1st overtime period - Slapshot by Karl Alzner.
0:31 of 1st overtime period - Shot Blocked by Chris Kreider.
0:33 of 1st overtime period - Wrist shot by Brett Maclean.
0:33 of 1st overtime period - Stopped by James Reimer without a rebound.
0:34 of 1st overtime period - Matt Duchene wins face-off versus Dustin Boyd in Devils zone.
0:47 of 1st overtime period - Snap shot by Brett Maclean.
0:47 of 1st overtime period - Shot Misses the Net.
1:43 of 1st overtime period - Mike Komisarek is hit by Andrew Ebbett.
2:47 of 1st overtime period - Luke Schenn is hit by Kellan Lain and loses puck.
3:21 of 1st overtime period - Slapshot by Ladislav Nagy.
3:21 of 1st overtime period - Stopped by James Reimer with a rebound.
3:23 of 1st overtime period - Snap shot by Andrew Ebbett.
3:23 of 1st overtime period - Goal by Andrew Ebbett - Devils : 6 - Canadiens : 7.
Goals for this period are 0 for Devils vs 1 for Canadiens.
Shots for this period are 0 for Devils vs 3 for Canadiens.
Back to the Top